 Dungeon Crawl Stone Soup version 0.27-a0-633-gc6addc0a40 (webtiles) character file.

Game seed: 14999198300666826067

127 scammafunk the Grasshopper (level 5, 0/43 HPs)
             Began as a Gnoll Warper on Mar 13, 2021.
             Slain by a quasit (2 damage)
             ... on level 3 of the Dungeon.
             The game lasted 00:10:45 (2530 turns).

scammafunk the Grasshopper (Gnoll Warper)           Turns: 2530, Time: 00:10:45

Health: 0/43       AC:  5    Str: 12    XL:     5   Next: 11%
Magic:  12/12      EV:  2    Int: 12    God:
Gold:   134        SH:  0    Dex: -3 (11) Spells: 2/14 levels left

rFire    . . .     SeeInvis .   a - +0 falchion
rCold    . . .     Faith    .   p - +0 buckler
rNeg     . . .     Spirit   .   b - +0 leather armour
rPois    .         Reflect  .   (no helmet)
rElec    .         Harm     .   k - +0 cloak
rCorr    .         Rampage  .   (no gloves)
Will     .....                  n - +0 pair of boots
Stlth    ..........             (no amulet)
HPRegen  0.14/turn              (no ring)
MPRegen  0.13/turn              (no ring)

@: slowed, lost dexterity, very slow
A: fangs 1, strong nose, distributed training
a: no special abilities


You were on level 3 of the Dungeon.
You visited 1 branch of the dungeon, and saw 3 of its levels.

You collected 134 gold pieces.

Inventory:

Hand Weapons
 a - a +0 falchion (weapon)
Missiles
 e - 5 boomerangs of dispersal (quivered)
Armour
 b - a +0 leather armour (worn)
 c - a +0 robe
 g - a +0 tower shield
 k - a +0 cloak (worn)
 n - a +0 pair of boots (worn)
 p - a +0 buckler (worn)
Jewellery
 f - a ring of fire
 r - a +6 ring of dexterity
Wands
 l - a wand of acid (7)
Scrolls
 d - 2 scrolls of blinking
 i - 3 scrolls of identify
 j - a scroll of teleportation {unknown}
 o - a scroll of noise {unknown}
Potions
 h - a potion of attraction
 m - a potion of flight {unknown}
 q - a potion of invisibility {unknown}


   Skills:
 + Level 4.7 Fighting
 + Level 1.3 Short Blades
 + Level 4.7 Long Blades
 + Level 1.3 Axes
 + Level 1.3 Maces & Flails
 + Level 1.3 Polearms
 + Level 1.3 Staves
 + Level 1.3 Slings
 + Level 1.3 Bows
 + Level 1.3 Crossbows
 + Level 2.9 Throwing
 + Level 2.9 Armour
 + Level 4.7 Dodging
 + Level 1.3 Stealth
 + Level 1.3 Shields
 + Level 1.3 Unarmed Combat
 + Level 5.1 Spellcasting
 + Level 1.1 Conjurations
 + Level 1.1 Hexes
 + Level 1.1 Summonings
 + Level 1.1 Necromancy
 + Level 5.5 Translocations
 + Level 1.1 Transmutations
 + Level 1.1 Fire Magic
 + Level 1.1 Ice Magic
 + Level 1.1 Air Magic
 + Level 1.1 Earth Magic
 + Level 1.1 Poison Magic
 + Level 1.5 Invocations
 + Level 1.3 Evocations


You had 2 spell levels left.
You knew the following spells:

 Your Spells              Type           Power      Damage    Failure   Level
a - Blink                 Tloc           N/A        N/A       5%          2
b - Gell's Gravitas       Tloc           8%         N/A       11%         3
c - Lesser Beckoning      Tloc           8%         N/A       11%         3
d - Manifold Assault      Tloc           16%        N/A       36%         4

Your spell library contained the following spells:

 Spells                   Type           Power      Damage    Failure   Level
 Teleport Other           Tloc           16%        N/A       11%         3


Dungeon Overview and Level Annotations

Branches:
Dungeon (3/15)

Altars:

Annotations:
D:3 foci's ghost, amateur GrFi


Innate Abilities, Weirdness & Mutations

You have very sharp teeth.
Your uncanny sense of smell can sniff out nearby items.
Your experience applies equally to all skills.


Message History

* * * LOW HITPOINT WARNING * * *
As you read the scroll labelled PENYSIYNE, it crumbles to dust.
It is a scroll of identify.
h - a potion of attraction The quasit bites you but does no damage.
The quasit claws you but does no damage. x2
The quasit bites you but does no damage.
The quasit claws you but does no damage. x2
The quasit bites you but does no damage.
The quasit claws you.
* * * LOW HITPOINT WARNING * * *
You feel clumsy.
The quasit claws you but does no damage.
You barely miss the quasit.
The quasit is severely wounded.
The quasit bites you but does no damage.
The quasit claws you but does no damage. x2
You closely miss the quasit.
The quasit is severely wounded.
The quasit barely misses you.
The quasit claws you but does no damage. x2
The quasit bites you but does no damage.
The quasit claws you but does no damage.
The quasit claws you.
* * * LOW HITPOINT WARNING * * *
The quasit bites you but does no damage.
The quasit claws you.
* * * LOW HITPOINT WARNING * * *
You feel clumsy.
The quasit claws you but does no damage.
You are too injured to fight recklessly!
You are too injured to fight recklessly!
You are too injured to fight recklessly!
You are too injured to fight recklessly!
You are too injured to fight recklessly!
You closely miss the quasit.
The quasit is severely wounded.
The quasit bites you but does no damage.
The quasit claws you.
You die...

..#..#...#©...#©..###
#..#.#...#..#..##
#..##.#.....##.#
##...#...#.#..#(###
#....#...#.#..#...#
#....#.......##.#......
#....###.©.###..#.#####
##.#...#####...##.#
#.###.......5@...# #.
#####...##.### #.
#.#)..... ∆ #.
#...##.### #. ##.## .#
#.# .# #.# .. #.# ..


You could see a quasit.

Vanquished Creatures
  Natasha (twice) (D:2)
  2 adders
  A worm (D:2)
  3 dart slugs
  2 leopard geckos
  3 ball pythons
  3 bats
  3 giant cockroaches
  5 goblins
  4 hobgoblins
  3 jackals (D:2)
  3 kobolds
  A quokka (D:2)
  9 frilled lizards
  6 rats
50 creatures vanquished.

Notes
Turn   | Place    | Note
-------+----------+-------------------------------------------
     0 | D:1      | scammafunk the Gnoll Warper began the quest for the Orb.
     0 | D:1      | Reached XP level 1. HP: 20/20 MP: 6/6
   164 | D:1      | Reached XP level 2. HP: 26/26 MP: 7/7
   936 | D:1      | Reached XP level 3. HP: 31/31 MP: 9/9
  1043 | D:2      | Reached skill level 5 in Spellcasting
  1047 | D:2      | Learned a level 2 spell: Blink
  1051 | D:2      | Learned a level 3 spell: Gell's Gravitas
  1055 | D:2      | Learned a level 3 spell: Lesser Beckoning
  1108 | D:2      | Noticed Natasha
  1127 | D:2      | HP: 1/31 [giant cockroach (1)]
  1130 | D:2      | Killed Natasha
  1131 | D:2      | Reached skill level 1 in Short Blades
  1131 | D:2      | Reached skill level 1 in Axes
  1131 | D:2      | Reached skill level 1 in Maces & Flails
  1131 | D:2      | Reached skill level 1 in Polearms
  1131 | D:2      | Reached skill level 1 in Staves
  1131 | D:2      | Reached skill level 1 in Slings
  1131 | D:2      | Reached skill level 1 in Bows
  1131 | D:2      | Reached skill level 1 in Crossbows
  1131 | D:2      | Reached skill level 1 in Stealth
  1131 | D:2      | Reached skill level 1 in Shields
  1131 | D:2      | Reached skill level 1 in Unarmed Combat
  1131 | D:2      | Reached skill level 1 in Invocations
  1131 | D:2      | Reached skill level 1 in Evocations
  1132 | D:2      | Reached XP level 4. HP: 9/38 MP: 9/11
  1905 | D:2      | Reached skill level 1 in Conjurations
  1905 | D:2      | Reached skill level 1 in Hexes
  1905 | D:2      | Reached skill level 1 in Summonings
  1905 | D:2      | Reached skill level 1 in Necromancy
  1905 | D:2      | Reached skill level 1 in Transmutations
  1905 | D:2      | Reached skill level 1 in Fire Magic
  1905 | D:2      | Reached skill level 1 in Ice Magic
  1905 | D:2      | Reached skill level 1 in Air Magic
  1905 | D:2      | Reached skill level 1 in Earth Magic
  1905 | D:2      | Reached skill level 1 in Poison Magic
  1906 | D:2      | Noticed Natasha
  1919 | D:2      | Killed Natasha
  2369 | D:3      | Reached XP level 5. HP: 43/43 MP: 12/12
  2374 | D:3      | Learned a level 4 spell: Manifold Assault
  2429 | D:3      | Found a transporter.
  2430 | D:3      | Noticed foci's ghost (amateur GrFi)
  2445 | D:3      | Found a transporter.
  2519 | D:3      | Lost dexterity.
  2529 | D:3      | HP: 2/43 [quasit (1)]
  2530 | D:3      | Slain by a quasit

Illustrated notes

Levels and vault maps discovered:
D:1:      minmay_arrival_glassed_features, layout_basic, due_unseen_surprise
D:2:      layout_basic, uniq_natasha
D:3:      layout_loops_ring, gammafunk_ghost_stat_death, uniq_terence

Skill      XL: |  1  2  3  4 |
---------------+-------------+-----
Spellcasting   | 5 |  5.1
Short Blades   | 1 |  1.3
Axes           | 1 |  1.3
Maces & Flails | 1 |  1.3
Polearms       | 1 |  1.3
Staves         | 1 |  1.3
Slings         | 1 |  1.3
Bows           | 1 |  1.3
Crossbows      | 1 |  1.3
Stealth        | 1 |  1.3
Shields        | 1 |  1.3
Unarmed Combat | 1 |  1.3
Invocations    | 1 |  1.5
Evocations     | 1 |  1.3
Conjurations   | 1 |  1.1
Hexes          | 1 |  1.1
Summonings     | 1 |  1.1
Necromancy     | 1 |  1.1
Transmutations | 1 |  1.1
Fire Magic     | 1 |  1.1
Ice Magic      | 1 |  1.1
Air Magic      | 1 |  1.1
Earth Magic    | 1 |  1.1
Poison Magic   | 1 |  1.1
Fighting       | |  4.7
Long Blades    | |  4.7
Throwing       | |  2.9
Armour         | |  2.9
Dodging        | |  4.7
Translocations | |  5.5

Action                   |  1- 3 |  4- 6 || total
-------------------------+-------+-------++-------
Melee: Falchion          |    99 |   107 ||   206
       Bite              |     4 |     9 ||    13
 Cast: Blink             |     1 |     1 ||     2
Evoke: Wand              |       |     2 ||     2
  Use: Potion            |     1 |       ||     1
       Scroll            |       |     1 ||     1
 Stab: Sleeping          |       |     1 ||     1
Armor: Leather armour    |    25 |   138 ||   163
Dodge: Dodged            |    63 |   144 ||   207
Block: Buckler           |       |    24 ||    24
       Rpst.: Falchion   |    23 |    25 ||    48

Table legend: (Time is in decaauts)
 A = Elapsed time spent in this place.
 B = Non-inter-level travel time spent in this place.
 C = Inter-level travel time spent in this place.
 D = Time resting spent in this place.
 E = Time spent auto-exploring this place.
 F = Levels seen in this place.
 G = Mean time per level.
                   A        B        C        D        E       F      G
               +--------+--------+--------+--------+--------+-----+--------+
         Total |   2580 |   2543 |     37 |    591 |   1310 |   3 |  860.0 |
       Dungeon |   2580 |   2543 |     37 |    591 |   1310 |   3 |  860.0 |
               +--------+--------+--------+--------+--------+-----+--------+

Top non-repeatable levels by time:
     D:2: 1327 daAuts
     D:1: 1040 daAuts
     D:3: 212 daAuts
